 Dungeon Crawl Stone Soup version 0.29-a0-577-gafbf2c5d25 (webtiles) character file.

Game seed: 13370574646960137673

68 frogsbabysitter the Chopper (level 4, -3/41 HPs)
             Began as a Hill Orc Monk on June 14, 2022.
             Slain by Natasha (8 damage)
             ... on level 2 of the Dungeon.
             The game lasted 00:04:33 (1612 turns).

frogsbabysitter the Chopper (Hill Orc Monk)         Turns: 1612, Time: 00:04:33

Health: -3/41      AC:  9    Str: 15    XL:     4   Next: 19%
Magic:  4/4        EV:  7    Int: 10    God:
Gold:   127        SH:  0    Dex: 13    Spells: 3/3 levels left

rFire   . . .      SeeInvis .   a - +0 hand axe
rCold   . . .      Faith    .   (no shield)
rNeg    . . .      Spirit   .   l - +0 chain mail
rPois   .          Reflect  .   (no helmet)
rElec   .          Harm     .   n - +0 cloak
rCorr   .          Rampage  .   (no gloves)
Will    .....                   (no boots)
Stlth   ..........              (no amulet)
HPRegen 0.13/turn               (no ring)
MPRegen 0.09/turn               (no ring)

@: slowed, very slow
A: no striking features
a: no special abilities


You were on level 2 of the Dungeon.
You visited 1 branch of the dungeon, and saw 2 of its levels.

You collected 127 gold pieces.

Inventory:

Hand Weapons
 a - a +0 hand axe (weapon)
Armour
 b - a +0 robe
 l - a +0 chain mail (worn)
 n - a +0 cloak (worn)
Scrolls
 e - 2 scrolls of identify {unknown}
 h - a scroll of brand weapon {unknown}
 i - a scroll of enchant armour {unknown}
 k - a scroll of teleportation {unknown}
 m - a scroll of noise {unknown}
Potions
 c - a potion of ambrosia
 d - a potion of curing {unknown}
 f - a potion of heal wounds {unknown}
 g - a potion of magic {unknown}
 j - 3 potions of flight {unknown}
 o - a potion of mutation {unknown}


   Skills:
 + Level 4.4 Fighting
 * Level 5.5 Axes
 - Level 2.5 Dodging
 - Level 1.8 Stealth


You had 3 spell levels left.
You didn't know any spells.
Your spell library was empty.

Dungeon Overview and Level Annotations

Branches:
Dungeon (2/15)

Altars:

Annotations:
D:2 Natasha


Message History

Natasha mumbles some strange words.
You feel troubled. Natasha casts a spell at you.
The magic dart hits you but does no damage.
You closely miss Natasha.
Natasha is lightly wounded.
The crimson imp blinks!
Natasha stares at you and mumbles some strange words.
You resist with some effort. Natasha claws you!
Unknown command.
You hit Natasha.
Natasha is heavily wounded.
Natasha claws you but does no damage.
You hit Natasha.
Natasha is severely wounded.
Natasha claws you but does no damage.
Natasha stares at you and mumbles some strange words.
You feel as though you will be slow longer.
You closely miss Natasha.
Natasha is severely wounded.
Natasha casts a spell at you. The magic dart hits you.
You hit Natasha.
Natasha is almost dead.
Natasha claws you! Natasha casts a spell at you. The magic dart hits you!
* * * LOW HITPOINT WARNING * * *
You closely miss Natasha.
Natasha is almost dead.
Natasha barely misses you.
Unknown command.
You hit Natasha but do no damage.
Natasha is almost dead.
Natasha claws you but does no damage. Natasha closely misses you.
You closely miss Natasha.
Natasha is almost dead.
The crimson imp laughs crazily.
Natasha claws you!
You die...

#.......#......#.#
###
#......>.........#
#..
##.....##......###
#.#
##...####...#.##
####.# #####
##.#...####.....
#.#........##.#
#.....#######..
#####.....# ###
#######.@h5.....#
........###.....#
###########....##
#........#.##
.....h#####.#
..... .# .... .#
... ..


You could see Natasha and a crimson imp (summoned).

Vanquished Creatures
  3 adders (D:2)
  2 dart slugs
  A ball python (D:1)
  3 endoplasms
  4 giant cockroaches (D:1)
  2 goblins (D:1)
  7 hobgoblins
  2 kobolds
  2 quokkas
  3 bats
  3 frilled lizards (D:1)
  2 rats (D:1)
34 creatures vanquished.

Notes
Turn   | Place    | Note
-------+----------+-------------------------------------------
     0 | D:1      | frogsbabysitter the Hill Orc Monk began the quest for the
                  | Orb.
     0 | D:1      | Reached XP level 1. HP: 19/19 MP: 1/1
    95 | D:1      | Reached XP level 2. HP: 19/27 MP: 2/2
   645 | D:1      | Reached XP level 3. HP: 33/33 MP: 3/3
   971 | D:2      | Reached skill level 5 in Axes
  1222 | D:2      | Found a faded altar of an unknown god.
  1339 | D:2      | Reached XP level 4. HP: 41/41 MP: 4/4
  1590 | D:2      | Noticed Natasha
  1612 | D:2      | Slain by Natasha

Illustrated notes

Levels and vault maps discovered:
D:1:      minmay_arrival_three_doors, layout_rooms
D:2:      layout_loops_cross, ebering_ecumenical_altar_webs, uniq_natasha

Skill      XL: |  1  2  3 |
---------------+----------+-----
Fighting       | 4 |  4.4
Axes           | 5 |  5.5
Dodging        | |  2.5
Stealth        | |  1.8

Action                   |  1- 3 |  4- 6 || total
-------------------------+-------+-------++-------
Melee: Hand axe          |   107 |    27 ||   134
Armor: Robe              |    16 |       ||    16
       Chain mail        |    11 |    19 ||    30
Dodge: Dodged            |    68 |     8 ||    76

Table legend: (Time is in decaauts)
 A = Elapsed time spent in this place.
 B = Non-inter-level travel time spent in this place.
 C = Inter-level travel time spent in this place.
 D = Time resting spent in this place.
 E = Time spent auto-exploring this place.
 F = Levels seen in this place.
 G = Mean time per level.
                   A        B        C        D        E       F      G
               +--------+--------+--------+--------+--------+-----+--------+
         Total |   1624 |   1602 |     22 |    282 |    730 |   2 |  812.0 |
       Dungeon |   1624 |   1602 |     22 |    282 |    730 |   2 |  812.0 |
               +--------+--------+--------+--------+--------+-----+--------+

Top non-repeatable levels by time:
     D:1: 879 daAuts
     D:2: 744 daAuts
